 Dungeon Crawl Stone Soup version 0.28-a0-1415-g7c84da036a (webtiles) character file.

Game seed: 11798437969073868532

57754 freelancePsychic the Thaumaturge (level 15, -19/116 HPs)
             Began as a Djinni Necromancer on Jan 7, 2022.
             Was the Champion of Makhleb.
             Shot with an arrow by a deep elf archer (22 damage)
             ... on level 12 of the Dungeon.
             The game lasted 00:48:06 (23678 turns).

freelancePsychic the Thaumaturge (DjNe)            Turns: 23678, Time: 00:48:07

Health: -19/116    AC: 10    Str:  7    XL:     15   Next: 27%
Gold:   618        EV: 17    Int: 23    God:    Makhleb [******] SH:  0 Dex: 15

rFire   + . .      SeeInvis .   b - staff of death
rCold   + . .      Faith    .   (no shield)
rNeg    + . .      Spirit   .   s - +0 troll leather armour
rPois   ∞          Reflect  .   k - +1 helmet
rElec   .          Harm     .   o - +0 cloak
rCorr   .          Rampage  .   j - +2 pair of gloves
Will    +....                   (boots unavailable)
Stlth   ++........              (no amulet)
HPRegen 1.09/turn               z - ring of protection from cold
MPRegen 0.00/turn               L - ring of ice

@: flying, slowed, very slow
A: sickness immunity, fire resistance 2, cold vulnerability 1, float, innate
caster, hp casting, extra vitality 1
a: Renounce Religion, Minor Destruction, Lesser Servant of Makhleb, Major
Destruction, Greater Servant of Makhleb


You were on level 12 of the Dungeon.
You worshipped Makhleb.
Makhleb was exalted by your worship.
You visited 3 branches of the dungeon, and saw 20 of its levels.

You collected 1849 gold pieces.
You spent 1231 gold pieces at shops.

Inventory:

Hand Weapons
 a - the +7 rapier "Plog" {flame, rF- rN+ Will++}
   (You bought it in a shop on level 2 of the Orcish Mines)

   It burns those it strikes, dealing additional fire damage.
   rF:        It makes you vulnerable to fire.
   rN:        It protects you from negative energy.
   Will:      It greatly increases your willpower.
Missiles
 n - a throwing net
Armour
 j - a +2 pair of gloves (worn)
 k - a +1 helmet (worn)
 o - a +0 cloak (worn)
 s - a +0 troll leather armour (worn)
Magical Staves
 b - a staff of death (weapon)
Jewellery
 z - a ring of protection from cold (left hand)
 I - a ring of willpower
 L - a ring of ice (right hand)
 M - a +4 ring of protection
 O - an amulet of the acrobat
Wands
 p - a wand of polymorph (17)
 u - a wand of acid (13)
 x - a wand of digging (4)
 E - a wand of flame (25)
 F - a wand of iceblast (14)
 G - a wand of charming (5)
Scrolls
 c - 2 scrolls of immolation
 d - 5 scrolls of holy word
 f - 2 scrolls of enchant armour
 g - 2 scrolls of vulnerability
 h - 4 scrolls of teleportation {@r4}
 m - 9 scrolls of identify {@r1}
 v - 4 scrolls of fog
 y - a scroll of brand weapon
 C - 2 scrolls of enchant weapon
 K - 3 scrolls of magic mapping
Potions
 e - 12 potions of curing {@q1}
 i - 2 potions of heal wounds {@q2}
 l - a potion of might
 q - 5 potions of resistance
 r - a potion of lignification
 t - 4 potions of haste {@q3}
 w - 2 potions of attraction
 A - a potion of mutation
 B - a potion of berserk rage
 J - a potion of invisibility
 N - a potion of magic {unknown}
Miscellaneous
 D - a condenser vane


   Skills:
 + Level 13.7 Fighting
 + Level 12.6 Dodging
 - Level 1.5 Stealth
 - Level 14.4 Spellcasting
 + Level 5.2 Invocations


You had 4 spell levels left.
You knew the following spells:

 Your Spells              Type           Power      Damage    Failure   Level
a - Pain                  Necr           100%       1d9       0%          1
b - Static Discharge      Conj/Air       70%        N/A       1%          2
c - Vampiric Draining     Necr           90%        2d12      1%          3
d - Animate Dead          Necr           45%        N/A       1%          4
e - Agony                 Necr           90%        N/A       1%          5
f - Death Channel         Necr           45%        N/A       2%          6
g - Animate Skeleton      Necr           100%       N/A       0%          1
h - Tukima's Dance        Hex            70%        N/A       1%          3
i - Spider Form           Tmut/Pois      70%        N/A       1%          3
j - Apportation           Tloc           100%       N/A       0%          1
k - Silence               Hex/Air        35%        N/A       1%          5
l - Cause Fear            Hex            35%        N/A       1%          4
Your spell library was empty.

Dungeon Overview and Level Annotations

Branches:
Dungeon (12/15)            Temple (0/1) D:6            Lair (6/6) D:11
 Shoals (0/4) Lair:3       Spider (0/4) Lair:3        Slime (0/5) Lair:6
    Orc (2/2) D:11            Elf (0/3) Orc:2

Altars:
Cheibriados
Elyvilon
Makhleb
Nemelex Xobeh
Ru
Sif Muna
Trog
Uskayaw
Wu Jian
Xom
Zin
Beogh

Shops:
Orc:1 *   Orc:2 (!(?

Annotations:
D:3 Grinder
D:4 Eustachio
D:12 Azrael
Lair:2 2 transporters
Lair:3 3 runed translucent doors, Asuyte's ghost, journeyman VSVM
Lair:4 exclusion: ice statue


Innate Abilities, Weirdness & Mutations

You are immune to sickness and miasma.
You are immune to poison.
Your flesh is very heat resistant. (rF++)
You are vulnerable to cold. (rC-)
You float through the air rather than walking.
You learn spells naturally, not from books.
Your magical power is your life essence.
You have superior vitality. (+4 MHP)


Message History

Confirm with . or Enter, or press ? or * to list all spells.
Aiming: Vampiric Draining (safe; 1% risk of failure)
Press: ? - help, Shift-Dir - straight line, f - deep elf knight, p - deep elf archer
Aim: a deep elf knight, wielding a +0 scimitar of flaming You feel a surge of power!
You draw life force from the deep elf knight!
You feel life coursing into your body!
The deep elf knight hits you with a +0 scimitar of flaming!!
* * * LOW HITPOINT WARNING * * *
The deep elf knight burns you.
* * * LOW HITPOINT WARNING * * *
The deep elf archer mumbles some strange words.
The deep elf archer blinks!
Casting: Vampiric Draining (safe; 1% risk of failure)
Confirm with . or Enter, or press ? or * to list all spells.
Aiming: Vampiric Draining (safe; 1% risk of failure)
Press: ? - help, Shift-Dir - straight line, f - deep elf demonologist
Aim: a deep elf demonologist, wielding a +0 short sword You feel a surge of power!
You draw life force from the deep elf demonologist!
You feel life coursing into your body!
The deep elf archer unwields a +0 dagger.
The deep elf archer wields a +0 longbow.
The deep elf archer shoots an arrow.
The arrow hits you!!
* * * LOW HITPOINT WARNING * * *
The deep elf archer gestures at you while chanting.
You easily resist.
The deep elf archer unwields a +0 dagger.
The deep elf archer wields a +0 shortbow.
The deep elf archer shoots an arrow.
The arrow hits you!
* * * LOW HITPOINT WARNING * * *
The deep elf demonologist mumbles some strange words.
The deep elf archer shoots an arrow.
The arrow closely misses you.
As you read the scroll of fear, it crumbles to dust.
You assume a fearsome visage.
The deep elf archer resists with some effort.
The deep elf knight easily resists.
The deep elf archer looks frightened!
The deep elf demonologist looks frightened!
The deep elf archer shoots an arrow.
The arrow hits you!!
You die...

#.......#
#.......#
#.......#
#.......#
#.......# #####
#.......#####.....
########..........
#.....e'...(......
#......#@.........
#......#...e......
########...e......
###########


You could see a deep elf demonologist (fleeing) and 2 deep elf archers.

Vanquished Creatures
  7 hydras
  A boulder beetle (Lair:6)
  7 death yaks
  A two-headed ogre (D:10)
  An orc high priest (Orc:2)
  Nergalle (D:10)
  Sonja (Lair:1)
  3 orc knights (Orc:2)
  2 orc sorcerers
  2 manticores
  17 elephants
  A cyclops (Orc:1)
  Joseph (D:10)
  A torpor snail (Lair:5)
  5 black mambas
  8 cane toads
  A centaur zombie (D:11)
  Maurice (D:9)
  Maggie (D:10)
  8 komodo dragons
  A meliai (shapeshifter) (D:10)
  7 polar bears
  2 trolls
  4 hornets
  3 blink frogs (Lair:3)
  2 dream sheep (Lair:6)
  Prince Ribbit (D:8)
  2 slime creatures (Lair:6)
  14 spriggans (Lair:6)
  A shadow (D:11)
  3 wyverns
  2 wraiths
  3 basilisks
  33 yaks
  6 humans (D:9)
  A steam dragon (D:10)
  8 wargs
  An acid dragon (D:11)
  15 water moccasins
  24 orc warriors
  5 ice beasts
  A sky beast (D:6)
  3 black bears
  A hornet zombie (D:6)
  4 ogres
  A necrophage (D:6)
  4 boggarts (Lair:6)
  15 centaurs
  26 wolves
  15 bullfrogs
  A scorpion (D:7)
  2 gnoll sergeants
  4 killer bees (D:9)
  2 wights (D:8)
  3 jellies
  A centaur skeleton (D:5)
  8 orc priests
  2 gnoll shamans
  2 hounds
  A bullfrog skeleton (D:6)
  2 iguanas
  17 orc wizards
  5 hell rats (Lair:5)
  A killer bee zombie (D:8)
  A hound zombie (D:5)
  2 hound skeletons
  2 howler monkey zombies
  15 gnolls
  6 adders
  2 shadow imps (D:8)
  4 white imps
  A worm (D:3)
  87 orcs
  3 ball pythons
  4 endoplasms
  2 giant cockroaches
  8 goblins
  12 hobgoblins
  4 jackals (D:1)
  6 quokkas
  4 bats
  2 frilled lizards
  5 kobolds
  A quokka skeleton (D:4)
  7 rats
507 creatures vanquished.

Vanquished Creatures (collateral kills)
  2 hydras (Lair:6)
  An ice dragon (Lair:4)
  A gargoyle (D:12)
  A basilisk (Lair:6)
  A warg (Orc:2)
  A water moccasin (Lair:6)
  8 orc warriors (Orc:2)
  A black bear (Lair:6)
  An ogre (Orc:1)
  2 wolves (Lair:6)
  8 centaurs
  2 wights (D:8)
  An orc priest (Orc:2)
  A hell rat (Lair:5)
  2 gnolls
  5 orcs (Orc:2)
38 creatures vanquished.

Vanquished Creatures (others)
  28 dancing weapons
  A centaur (Orc:2)
  37 fungi
  27 plants
93 creatures vanquished.

Grand Total: 638 creatures vanquished

Notes
Turn   | Place    | Note
-------+----------+-------------------------------------------
     0 | D:1      | freelancePsychic the Djinni Necromancer began the quest for
                  | the Orb.
     0 | D:1      | Reached XP level 1. HP: 15/15 MP: 0/0
   467 | D:1      | Reached XP level 2. HP: 19/22 MP: 0/0
  1157 | D:1      | Reached skill level 1 in Fighting
  1695 | D:2      | Reached XP level 3. HP: 25/27 MP: 0/0
  1695 | D:2      | Learned a level 1 spell: Apportation
  2156 | D:2      | Reached XP level 4. HP: 30/32 MP: 0/0
  2174 | D:2      | Reached skill level 4 in Spellcasting
  2320 | D:2      | Found a faded altar of an unknown god.
  2381 | D:2      | Found a glowing silver altar of Zin.
  2935 | D:3      | Noticed Grinder
  3727 | D:3      | Paralysed by Grinder for 3 turns
  3754 | D:3      | Paralysed by Grinder for 5 turns
  3871 | D:3      | Paralysed by Grinder for 2 turns
  4559 | D:3      | Reached XP level 5. HP: 29/38 MP: 0/0
  4559 | D:3      | Learned a level 2 spell: Static Discharge
  4954 | D:4      | Noticed Eustachio
  5266 | D:3      | Paralysed by Grinder for 2 turns
  5586 | D:5      | Entered Level 5 of the Dungeon
  5677 | D:5      | Reached XP level 6. HP: 37/45 MP: 0/0
  5798 | D:5      | Reached skill level 5 in Spellcasting
  6613 | D:5      | Reached XP level 7. HP: 40/50 MP: 0/0
  6613 | D:5      | Learned a level 3 spell: Tukima's Dance
  7693 | D:4      | Found a burning altar of Makhleb.
  7693 | D:4      | Noticed a green death
  7696 | D:4      | Noticed a hellwing
  7696 | D:4      | Noticed a ynoxinul
  7777 | D:4      | Became a worshipper of Makhleb the Destroyer
  8321 | D:6      | Reached skill level 6 in Spellcasting
  8440 | D:6      | Found a sparkling altar of Nemelex Xobeh.
  8527 | D:6      | Found a staircase to the Ecumenical Temple.
  8548 | D:6      | Reached XP level 8. HP: 49/58 MP: 0/0
  8634 | D:6      | Reached skill level 5 in Fighting
  8797 | D:6      | Found a snail-covered altar of Cheibriados.
  8798 | D:6      | Found a sacrificial altar of Ru.
  8798 | D:6      | Found a bloodstained altar of Trog.
  8799 | D:6      | Found an ornate altar of the Wu Jian Council.
  8802 | D:6      | Found a white marble altar of Elyvilon.
  8803 | D:6      | Found a shimmering altar of Xom.
  9851 | D:7      | Noticed a troll
  9921 | D:7      | Reached skill level 7 in Spellcasting
  9939 | D:7      | Killed a troll
  9940 | D:7      | Reached XP level 9. HP: 50/66 MP: 0/0
  9940 | D:7      | Learned a level 3 spell: Spider Form
 10158 | D:7      | Reached * piety under Makhleb
 10254 | D:7      | Reached skill level 8 in Spellcasting
 10312 | D:7      | Identified the +0 flail of Fiumn {venom, Fragile Int+5}
 11196 | D:8      | Noticed a hornet
 11203 | D:8      | Killed a hornet
 11606 | D:6      | Reached XP level 10. HP: 41/75 MP: 0/0
 11672 | D:6      | Reached skill level 9 in Spellcasting
 12078 | D:9      | Noticed Prince Ribbit
 12093 | D:8      | Killed Prince Ribbit
 12143 | D:9      | Reached ** piety under Makhleb
 12441 | D:9      | Noticed Maurice
 12447 | D:9      | Killed Maurice
 12471 | D:9      | Reached skill level 10 in Spellcasting
 12646 | D:10     | Entered Level 10 of the Dungeon
 12729 | D:10     | Reached XP level 11. HP: 82/82 MP: 0/0
 12729 | D:10     | Learned a level 4 spell: Cause Fear
 12755 | D:10     | Noticed Maggie
 12761 | D:10     | Killed Maggie
 12820 | D:10     | Noticed Nergalle
 12829 | D:10     | Killed Nergalle
 12830 | D:10     | Reached skill level 5 in Dodging
 12880 | D:10     | Noticed Joseph
 13001 | D:10     | Killed Joseph
 13228 | D:10     | Noticed a two-headed ogre
 13242 | D:10     | Killed a two-headed ogre
 13242 | D:10     | Reached *** piety under Makhleb
 13473 | D:11     | Reached skill level 11 in Spellcasting
 13658 | D:11     | Found an ornate altar of the Wu Jian Council.
 13750 | D:11     | Found a staircase to the Lair.
 13914 | D:11     | Found a staircase to the Orcish Mines.
 14075 | D:11     | Noticed an eight-headed hydra
 14128 | D:11     | Noticed a manticore
 14174 | Orc:1    | Entered Level 1 of the Orcish Mines
 14226 | Orc:1    | Found Tusar's Assorted Antiques.
 14234 | Orc:1    | Bought a scroll labelled VOR VANNALY for 27 gold pieces
 14385 | Orc:1    | Noticed an orc sorcerer
 14396 | Orc:1    | Killed an orc sorcerer
 14397 | Orc:1    | Reached skill level 10 in Fighting
 14397 | Orc:1    | Reached XP level 12. HP: 82/91 MP: 0/0
 14487 | Orc:1    | You are sucked into a shaft and drop 1 floor!
 14487 | Orc:2    | Entered Level 2 of the Orcish Mines
 14520 | Orc:2    | Reached **** piety under Makhleb
 14716 | Orc:2    | Found a staircase to the Elven Halls.
 14890 | Orc:2    | Reached skill level 12 in Spellcasting
 15021 | Orc:2    | Found Waosoheh's Distillery.
 15021 | Orc:2    | Found Mefez's Weapon Shoppe.
 15024 | Orc:2    | Found Fudiuh's Weapon Boutique.
 15026 | Orc:2    | Found Hopnec's Magic Scroll Emporium.
 15038 | Orc:2    | Bought 3 scrolls of identify for 84 gold pieces
 15095 | Orc:2    | Reached ***** piety under Makhleb
 15211 | Orc:2    | Paralysed by an orc sorcerer for 6 turns
 15353 | Orc:2    | Noticed an orc high priest
 15403 | Orc:2    | Killed an orc high priest
 15734 | Orc:2    | Bought a potion of haste for 130 gold pieces
 15734 | Orc:2    | Bought a potion of heal wounds for 65 gold pieces
 15734 | Orc:2    | Bought a potion of lignification for 39 gold pieces
 15734 | Orc:2    | Bought 2 potions of resistance for 260 gold pieces
 15734 | Orc:2    | Bought a potion of curing for 39 gold pieces
 15734 | Orc:2    | Bought a potion of curing for 39 gold pieces
 15758 | Orc:2    | Bought the +7 rapier "Plog" {flame, rF- rN+ Will++} for 548
                  | gold pieces
 15853 | Lair:1   | Entered Level 1 of the Lair of Beasts
 15908 | Lair:1   | Noticed Sonja
 15917 | Lair:1   | Killed Sonja
 15917 | Lair:1   | Noticed a four-headed hydra
 15964 | D:11     | Killed a four-headed hydra
 15965 | D:11     | Reached XP level 13. HP: 49/99 MP: 0/0
 15965 | D:11     | Learned a level 5 spell: Silence
 16554 | Lair:1   | Reached skill level 13 in Spellcasting
 17224 | Lair:2   | Found a transporter.
 17242 | Lair:2   | Found a transporter.
 17426 | Lair:2   | Reached skill level 10 in Dodging
 18254 | Lair:3   | Found a runed translucent gate.
 18254 | Lair:3   | Found a runed translucent gate.
 18256 | Lair:3   | Found a runed translucent gate.
 18438 | Lair:3   | Noticed a four-headed hydra
 18448 | Lair:3   | Killed a four-headed hydra
 18449 | Lair:3   | Reached XP level 14. HP: 82/107 MP: 0/0
 18573 | Lair:3   | Found a staircase to the Shoals.
 18854 | Lair:3   | Found a hole to the Spider Nest.
 18998 | Lair:3   | Identified the +3 chain mail "Zeimous" {Will- Dex+5}
 19032 | Lair:3   | Reached ****** piety under Makhleb
 19068 | Lair:3   | Reached skill level 14 in Spellcasting
 19137 | Lair:3   | Noticed Asuyte's ghost (journeyman VSVM)
 20590 | Lair:5   | Reached skill level 1 in Invocations
 21653 | Lair:6   | Entered Level 6 of the Lair of Beasts
 21696 | Lair:6   | Found a staircase to the Slime Pits.
 22302 | Lair:6   | Reached XP level 15. HP: 40/115 MP: 0/0
 22302 | Lair:6   | Learned a level 6 spell: Death Channel
 22846 | Lair:6   | Found a hide-covered altar of Uskayaw.
 22846 | Lair:6   | Found an ornate altar of the Wu Jian Council.
 23276 | D:11     | Reached skill level 5 in Invocations
 23586 | D:12     | Noticed Azrael
 23677 | D:12     | HP: 2/116 [deep elf archer/arrow (9)]
 23678 | D:12     | Shot with an arrow by a deep elf archer

Illustrated notes

Levels and vault maps discovered:
D:1:      wheals_arrival_shading, layout_basic, serial_bayou_lagoon_b
D:2:      layout_rooms, ebering_ecumenical_altar_abandoned, basic_altar
D:3:      layout_basic, guppyfry_early_orc_mine, uniq_grinder
D:4:      layout_basic, makhleb_altar_promises_db,
          hangedman_abyss_or_decor_slice, uniq_eustachio
D:5:      layout_layer_cave
D:6:      layout_basic, minitemple, lemuel_tele_altar, temple_pool_b,
          centaur_isle
D:7:      layout_rooms
D:8:      layout_loops_corners
D:9:      layout_roguey, minmay_ruffians, uniq_prince_ribbit1, uniq_maurice
D:10:     layout_roguey, serial_curves, eino_curves_03, eino_curves_04,
          hangedman_abyss_or_decor_stabs, uniq_joseph, uniq_maggie,
          uniq_nergalle
D:11:     layout_loops_cross, lair_entry_dummy, david_orc_3,
          nicolae_wu_jian_immortal_techniques
D:12:     layout_gridville, nrook_guardian_serpent_double, uniq_azrael
Lair:1:   layout_loops_ring, serial_bayou_pond_d, uniq_sonja
Lair:2:   gammafunk_worm_tunnel, layout_small_grid, minivault_25
Lair:3:   layout_loops_ring, shoals_dummy_entry, dummy_spider_entry,
          gammafunk_ghost_icy, grunt_megastairs_3, infiniplex_staircase_pool_2
Lair:4:   layout_gridlike, ice2_lemuel, grunt_megastairs_2,
          infiniplex_staircase_pool, lemuel_fruit_fields
Lair:5:   layout_cave_pods
Lair:6:   minmay_lair_end_enchanted_forest, layout_gridlike,
          minmay_slime_entry_pillars, nicolae_quartered_pool_super,
          nzn_masters_of_martial_movement, grunt_megastairs_1
Orc:1:    cheibrodos_orc_guarddog, layout_diamond_mine, serial_shops, shop,
          nicolae_shop_hallway_plus, nicolae_shop_advertising_works
          [nicolae_subvault_shop_adworks], shop, roderic_batcave,
          mumra_transporter_accident, amcnicky_altar_lugonu_corruption
Orc:2:    st_orc_rangers, layout_caves, basic_altar, kennysheep_orc_chapel

Skill      XL: |  1  2  3  4  5  6  7  8  9 10 11 12 13 14 15 |
---------------+----------------------------------------------+-----
Fighting       | 1 2 3 4 5 7 8 10 11 12 13 | 13.7
Spellcasting   | 4 5 6 7 8 10 11 12 13 14 | 14.4
Dodging        | 4 6 8 10 12 | 12.6
Invocations    | 3 5 |  5.2
Stealth        | |  1.5

Action                   |  1- 3 |  4- 6 |  7- 9 | 10-12 | 13-15 || total
-------------------------+-------+-------+-------+-------+-------++-------
Melee: Staff             |       |     2 |     4 |     6 |     5 ||    17
       Punch             |       |       |       |     1 |       ||     1
 Cast: Pain              |    51 |    43 |       |       |       ||    94
       Vampiric Draining |       |    46 |   110 |   360 |   616 ||  1132
       Static Discharge  |       |    15 |    35 |    14 |     2 ||    66
       Tukima's Dance    |       |       |    18 |    75 |     2 ||    95
       Animate Dead      |       |       |     1 |       |       ||     1
       Cause Fear        |       |       |       |     4 |    12 ||    16
       Agony             |       |       |       |       |     2 ||     2
       Death Channel     |       |       |       |       |     1 ||     1
Invok: Minor Destruction |       |       |       |       |   140 ||   140
       Lesser Servant of |       |       |       |       |     7 ||     7
Evoke: Wand              |       |       |       |     3 |     2 ||     5
  Use: Scroll            |     2 |     3 |     8 |     7 |    14 ||    34
       Potion            |       |       |       |     1 |     2 ||     3
Armor: Robe              |     6 |     9 |     9 |       |       ||    24
       Troll leather arm |       |       |    23 |   100 |   214 ||   337
Dodge: Dodged            |    12 |    39 |    90 |   271 |   555 ||   967

Table legend: (Time is in decaauts)
 A = Elapsed time spent in this place.
 B = Non-inter-level travel time spent in this place.
 C = Inter-level travel time spent in this place.
 D = Time resting spent in this place.
 E = Time spent auto-exploring this place.
 F = Levels seen in this place.
 G = Mean time per level.
                   A        B        C        D        E       F      G
               +--------+--------+--------+--------+--------+-----+--------+
         Total |  23732 |  22372 |   1360 |   1705 |  16418 |  20 | 1186.6 |
       Dungeon |  14820 |  13995 |    825 |   1511 |  10450 |  12 | 1235.0 |
          Lair |   7263 |   6845 |    418 |    153 |   5061 |   6 | 1210.5 |
  Orcish Mines |   1648 |   1532 |    116 |     41 |    907 |   2 |  824.0 |
               +--------+--------+--------+--------+--------+-----+--------+

Top non-repeatable levels by time:
     D:5: 2172 daAuts
     D:6: 2030 daAuts
     D:3: 1797 daAuts
     D:2: 1582 daAuts
     D:1: 1558 daAuts
  Lair:6: 1376 daAuts
  Lair:5: 1347 daAuts
   Orc:2: 1293 daAuts
  Lair:2: 1198 daAuts
  Lair:1: 1191 daAuts
  Lair:3: 1126 daAuts
     D:4: 1105 daAuts
     D:8: 1059 daAuts
  Lair:4: 1022 daAuts
    D:11: 970 daAuts
